 Dungeon Crawl Stone Soup version 0.24-b1-30-g840c9efd86 (webtiles) character file.

Game seed: 12849787721872807451, levelgen mode: deterministic

30 Mesmaeker13 the Charmwright (level 2, 0/24 HPs)
             Began as a Demigod Skald on Oct 24, 2019.
             Succumbed to a scorpion's poison
             ... on level 2 of the Dungeon.
             The game lasted 00:01:18 (1047 turns).

Mesmaeker13 the Charmwright (Demigod Skald)         Turns: 1047, Time: 00:01:18

Health: 0/24       AC:  4    Str: 14    XL:     2   Next: 87%
Magic:  5/7        EV: 12    Int: 17    God:
Gold:   34         SH:  0    Dex: 15    Spells: 3/4 levels left

rFire    . . .     SeeInvis .   a - +0 falchion
rCold    . . .     Gourm    .   (no shield)
rNeg     . . .     Faith    .   b - +0 leather armour
rPois    .         Spirit   .   (no helmet)
rElec    .         Reflect  .   (no cloak)
rCorr    .         Harm     .   (no gloves)
MR       .....                  m - +0 pair of boots
Stlth    +.........             (no amulet)
HPRegen  0.08/turn              (no ring)
MPRegen  0.10/turn              (no ring)

@: lethally poisoned (0 -> -22), infused
A: high mp 1
a: no special abilities


You were on level 2 of the Dungeon.
You were not hungry.

You visited 1 branch of the dungeon, and saw 2 of its levels.

You collected 34 gold pieces.

Inventory:

Hand Weapons
 a - a +0 falchion (weapon)
Armour
 b - a +0 leather armour (worn)
 m - a +0 pair of boots (worn)
Jewellery
 g - an uncursed ring of protection from magic {unknown}
Wands
 l - a wand of disintegration (7)
Scrolls
 c - a scroll of enchant weapon {unknown}
 h - 3 scrolls of fog {unknown}
 j - a scroll of noise {unknown}
 k - a scroll of identify {unknown}
Potions
 e - a potion of curing {unknown}
 i - a potion of cancellation {unknown}
Comestibles
 d - 2 rations
 f - a chunk of flesh


   Skills:
 + Level 2.2 Fighting
 + Level 2.2 Long Blades
 + Level 1.5 Armour
 + Level 2.2 Dodging
 - Level 1.7 Spellcasting
 - Level 2.6 Charms


You had 3 spell levels left.
You knew the following spells:

 Your Spells              Type           Power        Failure   Level  Hunger
a - Infusion              Chrm           ##..         9%          1    #......

Your spell library contained the following spells:

 Spells                   Type           Power        Failure   Level  Hunger
 Song of Slaying          Chrm           ##......     12%         2    ###....
 Shroud of Golubria       Chrm/Tloc      #.....       22%         2    ###....
 Regeneration             Chrm/Necr      #.........   38%         3    ###....
 Spectral Weapon          Hex/Chrm       #.......     38%         3    ###....


Dungeon Overview and Level Annotations

Branches:
Dungeon (2/15)


Innate Abilities, Weirdness & Mutations

You have an increased reservoir of magic. (+10% MP)


Message History

The scorpion is blasted!
The scorpion stings you!
You hit the scorpion.
The scorpion is severely wounded.
The scorpion stings you.
You are lethally poisoned!
The scorpion poisons you!
You closely miss the scorpion.
The scorpion is severely wounded.
Your magical infusion is running out.
You feel sick. The scorpion barely misses you. The scorpion stings you.
* * * LOW HITPOINT WARNING * * *
Casting: Infusion (safe; 9% risk of failure)
Confirm with . or Enter, or press ? or * to list all spells.
You extend your infusion's duration.
* * * LOW HITPOINT WARNING * * *
You feel sick. The scorpion stings you.
* * * LOW HITPOINT WARNING * * *
You are more poisoned.
The scorpion poisons you!
You die...

#....#
#.##.##.#
#.##.##.#
#.##.##.#
#....##.#
#.#####.# #.#
#.# #.# #s# #.#
#@#
#.#####.#####.
#..............
#..............
##########.##.#
.# #


You could see a scorpion.

Vanquished Creatures
  A dart slug (D:1)
  3 leopard geckos
  5 bats (D:1)
  A giant cockroach (D:1)
  4 goblins
  2 hobgoblins (D:1)
  3 kobolds (D:1)
  3 rats (D:1)
22 creatures vanquished.

Notes
Turn   | Place    | Note
-------+----------+-------------------------------------------
     0 | D:1      | Mesmaeker13 the Demigod Skald began the quest for the Orb.
     0 | D:1      | Reached XP level 1. HP: 17/17 MP: 5/5
   101 | D:1      | Reached skill level 1 in Armour
   226 | D:1      | Reached XP level 2. HP: 24/24 MP: 7/7
  1036 | D:2      | Noticed a scorpion
  1047 | D:2      | Succumbed to a scorpion's poison

Skill      XL: |  1 |
---------------+----+-----
Armour         | 1 |  1.5
Dodging        | 2 |  2.2
Fighting       | 2 |  2.2
Long Blades    | 2 |  2.2
Spellcasting   | |  1.7
Charms         | |  2.6

Action                   || total
-------------------------++-------
Melee: Falchion          ||    51
 Cast: Infusion          ||     6
Evoke: Wand              ||     4
 Stab: Sleeping          ||     1
  Eat: Chunk             ||     1
Armor: Leather armour    ||    19
Dodge: Dodged            ||    52
       Rpst.: Falchion   ||    17
